 Dungeon Crawl Stone Soup version 0.31.0-1-g2c135a008e (webtiles) character file.

Game seed: 8392272869447060992

8807 qw the Skirmisher (level 11, -7/89 HPs)
             Began as a Djinni Hunter on Jan 24, 2024.
             Was a High Priest of Okawaru.
             Mangled by a yak (13 damage)
             ... on level 1 of the Lair of Beasts.
             The game lasted 00:00:50 (8040 turns).

qw the Skirmisher (Djinni Hunter)                   Turns: 8040, Time: 00:00:50

Health: -7/89      AC: 11    Str: 10    XL:     11   Next: 62%
Gold:   338        EV: 19    Int: 11    God:    Okawaru [*****.] SH:  5 Dex: 21

rFire   + + .        n - +1 arbalest
rCold   x . .        (shield currently unavailable)
rNeg    . . .        g - +0 ring mail
rPois   inf          a - +0 helmet
rElec   .            q - +0 cloak
rCorr   .            j - +2 pair of gloves
SInv    +            (boots unavailable)
Will    +....        e - amulet of reflection
Stlth   +            k - ring of see invisible
HPRegen 0.34/turn    p - +5 ring of evasion
MPRegen 0.00/turn

%: reflection, clarity, infuse magic (-8 HP)
@: flying
A: sickness immunity, fire resistance 2, cold vulnerability 1, float, innate
caster, HP casting, extra vitality 1, clarity, robust 1
a: Renounce Religion, Heroism, Finesse, Duel


You were on level 1 of the Lair of Beasts.
You worshipped Okawaru.
Okawaru was extremely pleased with you.
You visited 3 branches of the dungeon, and saw 11 of its levels.

You collected 398 gold pieces.
You spent 60 gold pieces at shops.


Innate Abilities, Weirdness & Mutations

You are immune to sickness and miasma.
You are immune to poison.
Your flesh is very heat resistant. (rF++)
You are vulnerable to cold. (rC-)
You float through the air rather than walking.
You learn spells naturally, not from books.
Your magical power is your life essence.
You have superior vitality. (+4 MHP)
You possess an exceptional clarity of mind.
You are robust. (+10% HP)


   Skills:
 - Level 8.0 Fighting
 + Level 10.3 Ranged Weapons
 - Level 4.0 Armour
 - Level 7.1 Dodging
 - Level 0.7 Stealth
 + Level 7.2 Invocations


You knew the following spells:

 Your Spells              Type           Power      Damage    Failure   Level
a - Summon Small Mammal   Summ           0%         N/A       65%         1
b - Call Imp              Summ           0%         N/A       78%         2
c - Sigil of Binding      Hex            0%         N/A       95%         3
d - Volatile Blastmotes   Fire/Tloc      0%         2d10      95%         3
e - Summon Forest         Summ/Tloc      0%         N/A       100%        5
Your spell library was empty.

Inventory:

Hand Weapons
 n - a +1 arbalest (weapon)
Armour
 a - a +0 helmet (worn)
 g - a +0 ring mail (worn)
 j - a +2 pair of gloves (worn)
 q - a +0 cloak (worn)
Jewellery
 e - an amulet of reflection (around neck)
 k - a ring of see invisible (left hand)
 p - a +5 ring of evasion (right hand)
 Y - a ring of protection from fire
Wands
 b - a wand of polymorph (16)
 c - a wand of paralysis (9)
 f - a wand of roots (11)
Scrolls
 h - 2 scrolls of identify
Potions
 d - a potion of might
 i - 6 potions of curing
 o - a potion of enlightenment {unknown}

Dungeon Overview and Level Annotations

Branches:
Dungeon (9/15)             Temple (1/1) D:5            Lair (1/5) D:9
    Orc: D:9-12

Altars:
Ashenzari
Cheibriados
Dithmenos
Elyvilon
Fedhas
Gozag
Hepliaklqana
Makhleb
Nemelex Xobeh
Okawaru
Qazlal
Ru
Trog
Uskayaw
Wu Jian
Xom
Yredelemnul
Zin
The Shining One

Shops:
D:1 (   D:5 ?

Annotations:
D:2 Robin
D:8 3 runed translucent doors, qw's ghost, novice DjHu
D:9 1 runed translucent door, qw's ghost, novice DjHu


Message History

Enter note:
8028 ||| RETREEEEATING.
The yak attacks as it pursues you! The yak barely misses you.
Enter note:
8029 ||| RETREEEEATING.
Enter note:
Enter note:
8030 ||| RETREEEEATING.
Enter note:
8031 ||| RETREEEEATING.
You shoot a bolt. The bolt hits the yak.
The yak is lightly wounded.
You block the yak's attack.
You shoot a bolt. The bolt barely misses the yak.
The yak closely misses you.
You shoot a bolt. The bolt hits the yak!!
You kill the yak!
Okawaru accepts your kill.
Something gores the plant!
The plant begins to die.
The yak barely misses you.
You shoot a bolt. The bolt hits the yak!!
The yak is severely wounded.
Something gores the plant!!
You block the yak's attack.
You shoot a bolt. The bolt hits the yak!
You kill the yak!
Okawaru accepts your kill. The yak gores you!
You shoot a bolt. The bolt closely misses the yak.
A nearby plant withers and dies.
The yak closely misses you.
You shoot a bolt. The bolt hits the yak!!
The yak is severely wounded.
The yak closely misses you. The yak barely misses you.
You shoot a bolt.
The bolt hits the yak but does no damage.
The yak is severely wounded.
The yak gores you.
You shoot a bolt. The bolt hits the yak!!
You kill the yak!
Okawaru accepts your kill. The yak gores you!
You die...

##..## ###### #YF...####
##.## #YY....... #.%.#
#F#..#..#. ##..#
#ยค#....... ...##
####.#.......
...#P#######..#.#.......
...............%.#.......
##.##...Y#%Y......#.......
........@#.......#.......
..........#...............
................######.#
........#...............
.#+PP.##(...$...........
..........$............
##.P######.#############
### ###


You could see 2 yaks.

Vanquished Creatures
  3 two-headed ogres
  Maurice (D:8)
  2 cane toads
  A rime drake (Lair:1)
  A troll (D:9)
  A shadow (D:9)
  3 wyverns
  13 yaks
  A basilisk (D:9)
  A steam dragon (D:7)
  An acid dragon (D:9)
  2 water moccasins (D:7)
  An orc warrior (D:8)
  An ice beast (D:8)
  A black bear (D:9)
  2 ogres
  A centaur (D:5)
  A kobold brigand (D:6)
  7 bullfrogs
  3 scorpions
  12 wights
  3 howler monkeys (D:9)
  2 orc priests (D:8)
  2 jellies
  4 hounds (D:5)
  A bombardier beetle (D:6)
  A gnoll bouda (D:6)
  A sleepcap (D:6)
  Natasha (twice) (D:3)
  3 iguanas (D:5)
  5 orc wizards (D:8)
  5 adders
  11 gnolls
  A shadow imp (D:5)
  3 white imps
  4 ufetubi
  3 dart slugs
  A ribbon worm (D:2)
  9 orcs
  2 ball pythons
  5 bats
  15 endoplasms
  3 giant cockroaches
  9 goblins
  6 hobgoblins
  3 jackals
  2 quokkas
  4 frilled lizards
  16 kobolds
  4 rats
189 creatures vanquished.

Notes
Turn   | Place    | Note
-------+----------+-------------------------------------------
     0 | D:1      | qw the Djinni Hunter began the quest for the Orb.
     0 | D:1      | Reached XP level 1. HP: 18/18 MP: 0/0
     0 | D:1      | 0 ||| qw: Version: 0.3-a-136-gdd3b4e8
     0 | D:1      | 0 ||| qw: Game counter: 1282
     0 | D:1      | 0 ||| qw: Melee chars always use a shield: true
     0 | D:1      | 0 ||| qw: God list: Okawaru
     0 | D:1      | 0 ||| qw: Allow faded altars: false
     0 | D:1      | 0 ||| qw: Do Orc after clearing Dungeon:15 true
     0 | D:1      | 0 ||| qw: Do second Lair branch before Depths: true
     0 | D:1      | 0 ||| qw: Lair rune preference: random
     0 | D:1      | 0 ||| qw: Goals: Normal
     0 | D:1      | 0 ||| PLANNING D:1-11
    26 | D:1      | Reached XP level 2. HP: 18/23 MP: 0/0
   277 | D:1      | Reached skill level 4 in Ranged Weapons
   277 | D:1      | Reached XP level 3. HP: 28/28 MP: 0/0
   277 | D:1      | Learned a level 1 spell: Summon Small Mammal
   365 | D:1      | Found Ikumpapi's Antique Weapon Shoppe.
   731 | D:1      | 731 ||| READING 2 scrolls labelled KEGGEI BAEL.
   734 | D:1      | 734 ||| READING scroll labelled RUHUSO GAGU.
   735 | D:1      | 735 ||| DROPPING scroll of butterflies.
   792 | D:2      | Reached XP level 4. HP: 34/34 MP: 0/0
   802 | D:2      | 802 ||| RETREEEEATING.
   808 | D:2      | Reached skill level 3 in Fighting
   809 | D:2      | 809 ||| FLEEEEING.
   810 | D:2      | 810 ||| FLEEEEING.
   811 | D:2      | 811 ||| FLEEEEING.
   823 | D:2      | Reached skill level 3 in Dodging
   881 | D:2      | Identified the +4 quarterstaff of the Unbearable God
                  | {heavy, rF+ rCorr Str-5 Dex+5}
  1028 | D:2      | Reached XP level 5. HP: 39/40 MP: 0/0
  1028 | D:2      | Learned a level 2 spell: Call Imp
  1151 | D:2      | Noticed Robin
  1167 | D:2      | 1167 ||| FLEEEEING.
  1168 | D:2      | 1168 ||| FLEEEEING.
  1169 | D:2      | 1169 ||| FLEEEEING.
  1170 | D:2      | 1170 ||| FLEEEEING.
  1171 | D:2      | 1171 ||| FLEEEEING.
  1172 | D:2      | 1172 ||| FLEEEEING.
  1173 | D:2      | 1173 ||| FLEEEEING.
  1174 | D:2      | 1174 ||| FLEEEEING.
  1175 | D:2      | 1175 ||| FLEEEEING.
  1176 | D:2      | 1176 ||| FLEEEEING.
  1177 | D:2      | 1177 ||| FLEEEEING.
  1178 | D:2      | 1178 ||| FLEEEEING.
  1179 | D:2      | 1179 ||| FLEEEEING.
  1180 | D:2      | 1180 ||| FLEEEEING.
  1181 | D:2      | 1181 ||| FLEEEEING.
  1182 | D:2      | 1182 ||| FLEEEEING.
  1183 | D:2      | 1183 ||| READING scroll of teleportation.
  1184 | D:2      | 1184 ||| FLEEEEING.
  1184 | D:2      | HP: 10/40 [Robin/+0 spear (6)]
  1185 | D:2      | 1185 ||| FLEEEEING.
  1186 | D:2      | 1186 ||| FLEEEEING.
  1187 | D:2      | 1187 ||| FLEEEEING.
  1188 | D:2      | 1188 ||| FLEEEEING.
  1189 | D:2      | 1189 ||| FLEEEEING.
  1190 | D:2      | 1190 ||| FLEEEEING.
  1191 | D:2      | 1191 ||| FLEEEEING to unexplored (badform).
  1192 | D:2      | 1192 ||| FLEEEEING to unexplored (badform).
  1193 | D:2      | 1193 ||| FLEEEEING to unexplored (badform).
  1194 | D:2      | 1194 ||| FLEEEEING to unexplored (badform).
  1195 | D:2      | 1195 ||| FLEEEEING to unexplored (badform).
  1196 | D:2      | 1196 ||| FLEEEEING to unexplored (badform).
  1197 | D:2      | 1197 ||| FLEEEEING to unexplored (badform).
  1198 | D:2      | 1198 ||| FLEEEEING to unexplored (badform).
  1199 | D:2      | 1199 ||| FLEEEEING to unexplored (badform).
  1200 | D:2      | 1200 ||| FLEEEEING to unexplored (badform).
  1201 | D:2      | 1201 ||| FLEEEEING.
  1202 | D:2      | 1202 ||| FLEEEEING.
  1203 | D:2      | 1203 ||| FLEEEEING.
  1204 | D:2      | 1204 ||| FLEEEEING.
  1205 | D:2      | 1205 ||| FLEEEEING.
  1206 | D:2      | 1206 ||| FLEEEEING.
  1207 | D:2      | 1207 ||| FLEEEEING.
  1208 | D:2      | 1208 ||| FLEEEEING.
  1209 | D:2      | 1209 ||| FLEEEEING.
  1210 | D:2      | 1210 ||| FLEEEEING.
  1211 | D:2      | 1211 ||| FLEEEEING.
  1212 | D:2      | 1212 ||| FLEEEEING.
  1213 | D:2      | 1213 ||| FLEEEEING.
  1214 | D:2      | 1214 ||| STAIRDANCE
  1312 | D:1      | 1312 ||| UPGRADING to +0 ring mail.
  1322 | D:1      | 1322 ||| DROPPING +0 leather armour.
  1323 | D:1      | 1323 ||| UPGRADING to ring of protection from fire.
  1623 | D:2      | Reached skill level 1 in Armour
  1645 | D:2      | 1645 ||| READING scroll labelled EDOPNER TINES.
  1645 | D:2      | 1645 ||| IDENTIFYING bubbling grey potion
  1646 | D:2      | 1646 ||| DROPPING potion of degeneration.
  1755 | D:3      | Found a faded altar of an unknown god.
  1775 | D:3      | Found a faded altar of an unknown god.
  1885 | D:3      | Noticed Natasha
  1887 | D:3      | 1887 ||| FLEEEEING.
  1901 | D:3      | HP: 10/40 [cerulean imp/+1 spear[Natasha] (2)]
  1903 | D:3      | Killed Natasha
  2190 | D:3      | Noticed Natasha
  2195 | D:3      | 2195 ||| RETREEEEATING.
  2196 | D:3      | 2196 ||| RETREEEEATING.
  2197 | D:3      | 2197 ||| RETREEEEATING.
  2199 | D:3      | 2199 ||| RETREEEEATING.
  2203 | D:3      | Killed Natasha
  2204 | D:3      | Reached XP level 6. HP: 23/46 MP: 0/0
  2305 | D:3      | 2305 ||| UPGRADING to +0 pair of gloves.
  2310 | D:3      | 2310 ||| UPGRADING to amulet of reflection.
  2315 | D:3      | 2315 ||| DRINKING 2 coppery potions.
  2316 | D:3      | 2316 ||| DRINKING 2 clear potions.
  2317 | D:3      | 2317 ||| DRINKING 2 fuming grey potions.
  2318 | D:3      | 2318 ||| DROPPING potion of ambrosia.
  2467 | D:4      | Noticed an ogre
  2468 | D:4      | 2468 ||| ZAPPING wand of paralysis (2) at 3,6 (ogre;
                  | floor).
  2472 | D:4      | Killed an ogre
  2473 | D:4      | Reached skill level 5 in Ranged Weapons
  2847 | D:4      | 2847 ||| READING 2 scrolls of identify.
  2847 | D:4      | 2847 ||| IDENTIFYING sapphire potion
  2848 | D:4      | 2848 ||| READING scroll of identify.
  2848 | D:4      | 2848 ||| IDENTIFYING golden potion
  2849 | D:4      | 2849 ||| READING scroll labelled IHIRIO ZINYLL.
  2849 | D:4      | 2849 ||| ENCHANTING +0 shortbow.
  2850 | D:4      | 2850 ||| READING scroll labelled NIFAC DENU.
  2851 | D:4      | 2851 ||| DRINKING 2 pink potions.
  2852 | D:4      | 2852 ||| DROPPING potion of invisibility.
  2867 | D:5      | Entered Level 5 of the Dungeon
  2961 | D:5      | Identified the +4 long sword of Quckicem {protect, rC++
                  | Will++}
  2970 | D:5      | Reached XP level 7. HP: 51/51 MP: 0/0
  2970 | D:5      | Learned a level 3 spell: Sigil of Binding
  3189 | D:5      | 3189 ||| SWAPPING to +0 arbalest.
  3192 | D:5      | Reached skill level 6 in Ranged Weapons
  3251 | D:5      | 3251 ||| DROPPING +1 shortbow.
  3290 | D:5      | Found a sacrificial altar of Ru.
  3508 | D:5      | Found a staircase to the Ecumenical Temple.
  3509 | D:5      | 3509 ||| PLANNING TEMPLE
  3524 | D:5      | 3524 ||| UPGRADING to +5 ring of evasion.
  3525 | D:5      | 3525 ||| READING 2 scrolls of identify.
  3525 | D:5      | 3525 ||| IDENTIFYING lumpy dark potion
  3526 | D:5      | 3526 ||| DRINKING potion of mutation.
  3526 | D:5      | Gained mutation: Your spells are a little harder to cast,
                  | but a little more powerful. [potion of mutation]
  3526 | D:5      | Gained mutation: Your mind is acute. (Int +4, Str/Dex -1)
                  | [potion of mutation]
  3526 | D:5      | Gained mutation: You possess an exceptional clarity of
                  | mind. [potion of mutation]
  3527 | D:5      | 3527 ||| READING scroll of identify.
  3527 | D:5      | 3527 ||| IDENTIFYING scroll labelled MESICIMOFI
  3528 | D:5      | 3528 ||| DROPPING scroll of revelation.
  3536 | Temple   | Entered the Ecumenical Temple
  3537 | Temple   | 3537 ||| PLANNING OKAWARU WORSHIP
  3543 | Temple   | Became a worshipper of Warmaster Okawaru
  3544 | Temple   | 3544 ||| PLANNING D:1-11
  3803 | D:5      | Reached XP level 8. HP: 58/58 MP: 0/0
  3812 | D:5      | Found Plog's Magic Scroll Boutique.
  3815 | D:5      | 3815 ||| BUYING scroll of identify (20 gold).
  3815 | D:5      | Bought a scroll of identify for 20 gold pieces
  3815 | D:5      | 3815 ||| BUYING scroll of identify (20 gold).
  3815 | D:5      | Bought a scroll of identify for 20 gold pieces
  3815 | D:5      | 3815 ||| BUYING scroll of identify (20 gold).
  3815 | D:5      | Bought a scroll of identify for 20 gold pieces
  3855 | D:6      | Found an opulent altar of Gozag.
  3937 | D:6      | 3937 ||| RETREEEEATING.
  3952 | D:6      | Reached skill level 7 in Ranged Weapons
  3953 | D:6      | 3953 ||| RETREEEEATING.
  3961 | D:6      | HP: 9/58 [gnoll bouda/+0 whip (8)]
  3962 | D:6      | 3962 ||| READING scroll of teleportation.
  3963 | D:6      | 3963 ||| DRINKING potion of heal wounds.
  4130 | D:6      | Reached * piety under Okawaru
  4289 | D:6      | Reached skill level 1 in Invocations
  4745 | D:6      | 4745 ||| UPGRADING to ring of see invisible.
  4747 | D:6      | 4747 ||| READING 3 scrolls of identify.
  4747 | D:6      | 4747 ||| IDENTIFYING scroll labelled QEHUWE HAOSYDA
  4748 | D:6      | 4748 ||| DROPPING scroll of fear.
  4821 | D:7      | Reached XP level 9. HP: 65/65 MP: 0/0
  4821 | D:7      | Learned a level 3 spell: Volatile Blastmotes
  4969 | D:7      | Reached skill level 3 in Invocations
  5086 | D:7      | Reached ** piety under Okawaru
  5178 | D:7      | Reached skill level 8 in Ranged Weapons
  5540 | D:7      | Reached skill level 6 in Fighting
  5920 | D:7      | 5920 ||| READING 3 scrolls of identify.
  5920 | D:7      | 5920 ||| IDENTIFYING scroll labelled OPAMMO JAFIFI
  5921 | D:7      | 5921 ||| READING scroll of enchant armour.
  5921 | D:7      | 5921 ||| ENCHANTING +0 pair of gloves.
  5922 | D:7      | 5922 ||| DROPPING wand of flame (37).
  5973 | D:8      | Found a shimmering altar of Xom.
  5977 | D:8      | Found a stormy altar of Qazlal.
  5977 | D:8      | Noticed a two-headed ogre
  5978 | D:8      | 5978 ||| INVOKING Heroism.
  5986 | D:8      | Killed a two-headed ogre
  5987 | D:8      | Reached XP level 10. HP: 72/72 MP: 0/0
  5987 | D:8      | Found a basalt altar of Yredelemnul.
  5987 | D:8      | Found an ornate altar of the Wu Jian Council.
  5993 | D:8      | Found a bloodstained altar of Trog.
  6040 | D:8      | Found a runed translucent gate.
  6041 | D:8      | Found a runed translucent gate.
  6042 | D:8      | Found an opulent altar of Gozag.
  6059 | D:8      | Reached *** piety under Okawaru
  6110 | D:8      | 6110 ||| READING scroll of enchant weapon.
  6110 | D:8      | 6110 ||| ENCHANTING +0 arbalest.
  6216 | D:8      | Noticed Maurice
  6217 | D:8      | 6217 ||| INVOKING Heroism.
  6226 | D:8      | Killed Maurice
  6227 | D:8      | Reached skill level 9 in Ranged Weapons
  6323 | D:8      | Found a runed translucent gate.
  6324 | D:8      | Noticed an efreet
  6325 | D:8      | Noticed qw's ghost (novice DjHu)
  6359 | D:8      | 6359 ||| READING scroll of enchant armour.
  6359 | D:8      | 6359 ||| ENCHANTING +1 pair of gloves.
  6640 | D:8      | 6640 ||| UPGRADING to +0 helmet.
  6645 | D:8      | 6645 ||| UPGRADING to +0 cloak.
  6650 | D:8      | 6650 ||| READING 2 scrolls of identify.
  6650 | D:8      | 6650 ||| IDENTIFYING scroll labelled YNNOQ PUMNOLIA
  6651 | D:8      | 6651 ||| DROPPING scroll of immolation.
  6685 | D:9      | Reached skill level 3 in Armour
  6693 | D:9      | 6693 ||| DRINKING potion of cancellation.
  6709 | D:9      | Noticed a two-headed ogre
  6710 | D:9      | 6710 ||| INVOKING Heroism.
  6714 | D:9      | Killed a two-headed ogre
  6714 | D:9      | Reached **** piety under Okawaru
  6739 | D:9      | Found a staircase to the Lair.
  6760 | D:9      | 6760 ||| RETREEEEATING.
  6761 | D:9      | 6761 ||| RETREEEEATING.
  6762 | D:9      | 6762 ||| RETREEEEATING.
  6851 | D:9      | Noticed a two-headed ogre
  6852 | D:9      | 6852 ||| INVOKING Finesse.
  6865 | D:9      | Killed a two-headed ogre
  6866 | D:9      | Reached skill level 10 in Ranged Weapons
  6866 | D:9      | Reached XP level 11. HP: 66/79 MP: 0/0
  6866 | D:9      | Learned a level 5 spell: Summon Forest
  6909 | D:9      | 6909 ||| FLEEEEING.
  6910 | D:9      | 6910 ||| FLEEEEING.
  6911 | D:9      | 6911 ||| FLEEEEING.
  6912 | D:9      | 6912 ||| FLEEEEING.
  6913 | D:9      | 6913 ||| FLEEEEING.
  6935 | D:9      | 6935 ||| RETREEEEATING.
  6936 | D:9      | 6936 ||| RETREEEEATING.
  6937 | D:9      | 6937 ||| RETREEEEATING.
  6938 | D:9      | 6938 ||| RETREEEEATING.
  6940 | D:9      | 6940 ||| RETREEEEATING.
  6941 | D:9      | 6941 ||| RETREEEEATING.
  6942 | D:9      | 6942 ||| RETREEEEATING.
  6943 | D:9      | 6943 ||| RETREEEEATING.
  6944 | D:9      | 6944 ||| RETREEEEATING.
  6945 | D:9      | 6945 ||| RETREEEEATING.
  6949 | D:9      | Reached ***** piety under Okawaru
  6961 | D:9      | Reached skill level 6 in Invocations
  7034 | D:9      | 7034 ||| INVOKING Finesse.
  7035 | D:9      | 7035 ||| INVOKING Heroism.
  7148 | D:9      | 7148 ||| DRINKING potion of mutation.
  7148 | D:9      | Lost mutation: Your mind is acute. (Int +4, Str/Dex -1)
                  | [potion of mutation]
  7148 | D:9      | Lost mutation: You possess an exceptional clarity of mind.
                  | [potion of mutation]
  7148 | D:9      | Lost mutation: Your spells are a little harder to cast, but
                  | a little more powerful. [potion of mutation]
  7148 | D:9      | Gained mutation: You are robust. (+10% HP) [potion of
                  | mutation]
  7148 | D:9      | Gained mutation: You possess an exceptional clarity of
                  | mind. [potion of mutation]
  7228 | D:9      | 7228 ||| RETREEEEATING.
  7229 | D:9      | 7229 ||| RETREEEEATING.
  7231 | D:9      | 7231 ||| RETREEEEATING.
  7233 | D:9      | 7233 ||| RETREEEEATING.
  7234 | D:9      | 7234 ||| RETREEEEATING.
  7403 | D:9      | Found a runed translucent door.
  7404 | D:9      | Found a shimmering altar of Xom.
  7404 | D:9      | Noticed a +1 rapier of chaos
  7404 | D:9      | Noticed qw's ghost (novice DjHu)
  7548 | D:9      | Found a blossoming altar of Fedhas.
  7551 | D:9      | Found a white marble altar of Elyvilon.
  7693 | D:9      | 7693 ||| PLANNING LAIR
  7731 | Lair:1   | Entered Level 1 of the Lair of Beasts
  7734 | Lair:1   | 7734 ||| STAIRDANCE
  7980 | Lair:1   | 7980 ||| RETREEEEATING.
  7984 | Lair:1   | 7984 ||| RETREEEEATING.
  7985 | Lair:1   | 7985 ||| RETREEEEATING.
  7986 | Lair:1   | 7986 ||| RETREEEEATING.
  7990 | Lair:1   | 7990 ||| RETREEEEATING.
  7991 | Lair:1   | 7991 ||| RETREEEEATING.
  7992 | Lair:1   | 7992 ||| RETREEEEATING.
  7993 | Lair:1   | 7993 ||| RETREEEEATING.
  7994 | Lair:1   | 7994 ||| RETREEEEATING.
  7995 | Lair:1   | 7995 ||| RETREEEEATING.
  7996 | Lair:1   | 7996 ||| RETREEEEATING.
  7997 | Lair:1   | 7997 ||| RETREEEEATING.
  7998 | Lair:1   | 7998 ||| RETREEEEATING.
  7999 | Lair:1   | 7999 ||| RETREEEEATING.
  8000 | Lair:1   | 8000 ||| RETREEEEATING.
  8001 | Lair:1   | 8001 ||| RETREEEEATING.
  8002 | Lair:1   | 8002 ||| RETREEEEATING.
  8003 | Lair:1   | 8003 ||| RETREEEEATING.
  8004 | Lair:1   | 8004 ||| RETREEEEATING.
  8005 | Lair:1   | 8005 ||| INVOKING Finesse.
  8005 | Lair:1   | HP: 11/89 [cane toad (21)]
  8006 | Lair:1   | 8006 ||| READING scroll of teleportation.
  8007 | Lair:1   | 8007 ||| DRINKING potion of heal wounds.
  8024 | Lair:1   | HP: 19/89 [yak (9)]
  8026 | Lair:1   | 8026 ||| RETREEEEATING.
  8027 | Lair:1   | 8027 ||| RETREEEEATING.
  8028 | Lair:1   | 8028 ||| RETREEEEATING.
  8029 | Lair:1   | 8029 ||| RETREEEEATING.
  8030 | Lair:1   | 8030 ||| RETREEEEATING.
  8031 | Lair:1   | 8031 ||| RETREEEEATING.
  8036 | Lair:1   | HP: 10/89 [yak (13)]
  8040 | Lair:1   | Mangled by a yak

Levels and vault maps discovered:
D:1:      minmay_arrival_shattered_statue, layout_loops_cross, serial_shops,
          nicolae_shop_overgrown_old_shop
D:2:      layout_loops_ring, minmay_tetromino_s4, uniq_robin
D:3:      layout_basic, hellmonk_ecumenical_altar_the_god_not_taken,
          uniq_natasha
D:4:      layout_basic
D:5:      layout_loops_ring, mainiacjoe_overflow_six_doors_small,
          mainiacjoe_overflow_alcove_2, minmay_temple_entry_statues_fountains,
          serial_shops, nicolae_shop_rolled_up, grunt_tough_drop
D:6:      layout_loops_ring, mainiacjoe_overflow_cross_hatched,
          serial_park_tiny_pond
D:7:      layout_loops_corners, hangedman_abyss_or_decor_jellyfish_corner
D:8:      layout_rooms, grunt_temple_overflow_open, ebering_ghost_gozag,
          roderic_roman_lattice, uniq_maurice
D:9:      layout_gridville, jmf_multi_god_temple2, david_lair_generic,
          ebering_ghost_xom, dreamdust_princess_corridor
Temple:   hc_temple_tempest_star
Lair:1:   layout_chaotic_city

Skill      XL: |  1  2  3  4  5  6  7  8  9 10 11 |
---------------+----------------------------------+-----
Ranged Weapons | 4 5 6 7 8 10 | 10.3
Fighting       | 3 4 5 6 7 8 |  8.0
Dodging        | 3 4 7 |  7.1
Armour         | 1 2 3 4 |  4.0
Invocations    | 2 4 5 7 |  7.2
Stealth        | |  0.7

Action                     |  1- 3 |  4- 6 |  7- 9 | 10-12 || total
---------------------------+-------+-------+-------+-------++-------
   Fire: Shortbow          |    73 |   178 |    22 |       ||   273
         Arbalest          |       |       |   183 |   214 ||   397
 Invoke: Heroism           |       |       |     1 |     3 ||     4
         Finesse           |       |       |       |     3 ||     3
  Evoke: Wand              |       |     1 |       |       ||     1
    Use: Scroll            |     2 |     6 |     6 |     4 ||    18
         Potion            |       |     4 |     2 |     3 ||     9
 Armour: Leather armour    |    13 |    21 |       |       ||    34
         Ring mail         |       |    52 |    97 |    62 ||   211
         Skin              |       |     2 |       |       ||     2
  Dodge: Dodged            |    17 |    82 |   149 |   135 ||   383
  Block: Other             |       |    13 |    38 |    21 ||    72
         Reflection        |       |       |     2 |       ||     2

Table legend:
 A = Non-vault XP
 B = Vault XP
 C = Vault XP percentage of total XP
 D = Non-vault monster count
 E = Vault monster count
 F = Vault count percentage of total count
                 A         B        C        D         E       F
            +---------+---------+-------+---------+---------+-------
      Total |   11125 |    1680 |  13.1 |     173 |      16 |   8.5
            +---------+---------+-------+---------+---------+-------
        D:1 |      62 |       0 |   0.0 |      28 |       0 |   0.0
        D:2 |     121 |      13 |   9.7 |      24 |       7 |  22.6
        D:3 |      51 |      36 |  41.4 |      10 |       1 |   9.1
        D:4 |     147 |       0 |   0.0 |       8 |       0 |   0.0
        D:5 |     626 |      11 |   1.7 |      13 |       1 |   7.1
        D:6 |     721 |       0 |   0.0 |      23 |       0 |   0.0
        D:7 |    1488 |       0 |   0.0 |      20 |       0 |   0.0
        D:8 |    1841 |     498 |  21.3 |      22 |       1 |   4.3
        D:9 |    4516 |    1122 |  19.9 |      18 |       6 |  25.0
     Lair:1 |    1552 |       0 |   0.0 |       7 |       0 |   0.0
            +---------+---------+-------+---------+---------+-------
